 Dungeon Crawl Stone Soup version 0.23-a0-189-gc87c613 (webtiles) character file.

6850 Felrender the Protected (level 10, -4/86 HPs)
             Began as a Minotaur Fighter on Sept 24, 2018.
             Was a Priest of Trog.
             Slain by Donald
             ... wielding a +4 long sword of holy wrath
              (27 damage)
             ... on level 2 of the Orcish Mines.
             The game lasted 00:25:17 (10267 turns).

Felrender the Protected (Minotaur Fighter)         Turns: 10267, Time: 00:25:17

Health: -4/86      AC: 20    Str: 24    XL:     10   Next: 78%
Magic:  9/9        EV:  6    Int:  5    God:    Trog [***...]
Gold:   925        SH: 11    Dex: 10    Spells: 9/9 levels left

rFire    . . .     SeeInvis .   H - +5 spear (freeze)
rCold    . . .     Gourm    .   c - +0 shield
rNeg     + + .     Faith    .   b - +1 plate armour
rPois    .         Spirit   .   (helmet restricted)
rElec    .         Reflect  .   z - +0 cloak
rCorr    .         Harm     .   s - +0 pair of gloves
MR       ++...                  D - +0 pair of boots
Stlth    ..........             (no amulet)
HPRegen  1.24/turn              v - ring of positive energy
MPRegen  0.11/turn              x - ring of positive energy

@: regenerating
A: retaliatory headbutt, horns 2
a: Berserk, Trog's Hand, Renounce Religion


You were on level 2 of the Orcish Mines.
You worshipped Trog.
Trog was most pleased with you.
You were not hungry.

You visited 2 branches of the dungeon, and saw 11 of its levels.
You also visited: Sewer and Ossuary.

You collected 925 gold pieces.

Inventory:

Hand Weapons
 a - a +0 long sword
 d - a +3 long sword
 h - a +1 spear of flaming
 l - a +0 dagger
 m - a +6 hand axe
 p - a cursed -3 war axe
 B - a +4 scimitar
 F - a +3 flail
 H - a +5 spear of freezing (weapon)
 I - a +4 hand axe
Missiles
 K - 5 silver javelins (quivered)
Armour
 b - a +1 plate armour (worn)
 c - a +0 shield (worn)
 s - a +0 pair of gloves (worn)
 z - a +0 cloak (worn)
 D - a +0 pair of boots (worn)
Jewellery
 v - a ring of positive energy (left hand)
 x - a ring of positive energy (right hand)
 y - an uncursed amulet of magic regeneration
Wands
 G - a wand of scattershot (8)
 J - a wand of random effects (24)
Scrolls
 n - 4 scrolls of teleportation
 t - a scroll of magic mapping
 u - 3 scrolls of remove curse
 C - 2 scrolls of fear
 E - a scroll of blinking
Potions
 e - 5 potions of curing
 g - 2 potions of agility {unknown}
 i - 2 potions of resistance
 j - 3 potions of flight
 o - a potion of mutation {unknown}
 q - 2 potions of lignification
 r - 2 potions of magic {unknown}
 w - a potion of haste {unknown}
 A - 2 potions of invisibility
Comestibles
 f - 10 rations
 k - 4 chunks of flesh


   Skills:
 + Level 7.1 Fighting
 + Level 6.3 Long Blades
 * Level 10.9 Polearms
 * Level 11.6 Armour
 + Level 1.4 Dodging
 + Level 0.1 Stealth
 + Level 8.7 Shields
 + Level 1.2 Unarmed Combat


You had 9 spell levels left.
You didn't know any spells.
Your spell library was empty.

Dungeon Overview and Level Annotations

Branches:
Dungeon (9/15)             Temple (0/1) D:6            Lair (0/6) D:9
    Orc (2/2) D:9
    Elf: Orc:2

Altars:
Ashenzari
Fedhas
Gozag
Makhleb
Trog
Uskayaw
Xom
Yredelemnul

Shops:
D:7 *[

Annotations:
Orc:2 Donald


Innate Abilities, Weirdness & Mutations

You reflexively headbutt those who attack you in melee.
You have a pair of horns on your head.


Message History

Donald hits you with a long sword of holy wrath.
You hit Donald but do no damage.
Donald is lightly wounded.
Donald says, "I bet Trog's next axe will take you to the Abyss."
Donald hits you with a long sword of holy wrath!
Donald blocks your attack.
Donald is lightly wounded.
Donald blocks your attack.
Donald is lightly wounded.
Donald says, "Fainting that often must mean something's wrong, right?"
Donald hits you with a long sword of holy wrath!!
* * * LOW HITPOINT WARNING * * *
You hit Donald but do no damage. You headbutt Donald.
Donald is lightly wounded.
You block Donald's attack.
You can no longer call in reinforcements.
You hit Donald. You freeze Donald. You headbutt Donald.
Donald is lightly wounded.
Donald hits you with a long sword of holy wrath!!
You die...

...... ######.......###
#.#..$
#..##...<......##......
................#......
......................
.........# #........#
#.......####......####
...#...###.#.........###
...#...........$@@......
..##....................
.#####.........###......
..# ##.......## #$....
.## #.#.....## ##..# ##
###....## .# ##..## #
####


You could see Donald.

Vanquished Creatures
  An orc sorcerer (D:9)
  A cyclops (D:9)
  2 trolls
  Prince Ribbit (D:7)
  Sigmund (D:5)
  A wyvern (D:8)
  Edmund (D:8)
  Duvessa (D:5)
  2 hornet zombies
  2 sky beasts
  2 ice beasts
  7 orc warriors
  An eye of draining (D:9)
  2 phantoms
  10 ogres
  A crocodile (D:9)
  Blork the orc (D:4)
  2 bullfrogs (D:6)
  A water moccasin zombie (D:7)
  2 scorpions
  Dowan (D:5)
  3 killer bees (D:9)
  5 wights (D:8)
  2 howler monkeys
  A centaur zombie (D:7)
  2 crimson imps
  A quasit (D:9)
  12 orc priests
  3 hounds
  2 jellies
  A human zombie (Ossuary)
  7 orc wizards
  Terence (D:2)
  7 worker ants
  Natasha (twice) (D:4)
  3 iguanas
  A killer bee zombie (D:5)
  A big kobold zombie (Ossuary)
  A hound zombie (D:9)
  A hound skeleton (D:4)
  2 mummies (Ossuary)
  Robin (D:2)
  A worker ant zombie (D:7)
  15 gnolls
  8 adders
  2 shadow imps
  3 oozes
  A worm zombie (D:4)
  8 worms
  2 dart slugs (D:1)
  12 leopard geckos
  34 orcs
  3 ball pythons
  6 giant cockroaches
  3 gnoll zombies
  3 hobgoblins (D:2)
  25 jackals
  4 quokkas
  9 bats
  7 frilled lizards
  10 goblins
  A goblin zombie (Ossuary)
  3 kobolds
  2 kobold zombies (Ossuary)
  A leopard gecko skeleton (D:8)
  An orc zombie (Ossuary)
  A quokka skeleton (D:5)
  4 rats
  A rat zombie (D:4)
  A plant (D:1)
273 creatures vanquished.

Vanquished Creatures (others)
  An orc wizard (D:9)
1 creature vanquished.

Grand Total: 274 creatures vanquished

Notes
Turn   | Place    | Note
-------+----------+-------------------------------------------
     0 | D:1      | Felrender the Minotaur Fighter began the quest for the Orb.
     0 | D:1      | Reached XP level 1. HP: 19/19 MP: 0/0
   233 | D:1      | Reached XP level 2. HP: 27/27 MP: 1/1
   347 | D:1      | Reached skill level 4 in Armour
   785 | D:2      | Reached XP level 3. HP: 33/33 MP: 2/2
   823 | D:2      | Noticed Robin
   829 | D:2      | Killed Robin
   883 | D:2      | Noticed Terence
   896 | D:2      | Killed Terence
   896 | D:2      | Reached XP level 4. HP: 40/40 MP: 3/3
  1516 | D:3      | Reached skill level 1 in Dodging
  1604 | D:3      | Found a bloodstained altar of Trog.
  1637 | D:3      | Became a worshipper of Trog the Wrathful
  1651 | D:3      | Found a burning altar of Makhleb.
  1709 | D:3      | Reached XP level 5. HP: 39/47 MP: 4/4
  1773 | D:3      | Reached skill level 5 in Armour
  2010 | D:3      | Found a basalt altar of Yredelemnul.
  2224 | D:4      | Found a sand-covered staircase.
  2237 | D:4      | Reached skill level 1 in Polearms
  2255 | Ossuary  | Entered an ossuary
  2422 | Ossuary  | Reached XP level 6. HP: 50/53 MP: 5/5
  2569 | D:4      | Noticed Blork the orc
  2580 | D:4      | Killed Blork the orc
  2583 | D:4      | Reached * piety under Trog
  2747 | D:4      | Reached skill level 5 in Shields
  2795 | D:4      | Noticed Natasha
  2802 | D:4      | Killed Natasha
  2902 | D:4      | Noticed Natasha
  2907 | D:4      | Killed Natasha
  2947 | D:4      | Reached skill level 5 in Fighting
  2947 | D:4      | Reached skill level 6 in Armour
  2947 | D:4      | Reached XP level 7. HP: 25/61 MP: 6/6
  2958 | D:4      | Reached skill level 1 in Unarmed Combat
  3542 | D:4      | Reached skill level 7 in Armour
  3980 | D:5      | Entered Level 5 of the Dungeon
  3992 | D:5      | Reached skill level 5 in Polearms
  4272 | D:5      | Noticed Sigmund
  4280 | D:5      | Killed Sigmund
  4280 | D:5      | Reached ** piety under Trog
  4280 | D:5      | Reached XP level 8. HP: 69/69 MP: 7/7
  4426 | D:5      | Reached skill level 8 in Armour
  4433 | D:5      | Noticed Dowan
  4434 | D:5      | Noticed Duvessa
  4459 | D:5      | Killed Dowan
  4464 | D:5      | Killed Duvessa
  5275 | D:6      | Noticed Edmund
  5342 | D:6      | Reached skill level 9 in Armour
  5474 | D:6      | Found a staircase to the Ecumenical Temple.
  5531 | D:6      | Reached XP level 9. HP: 75/75 MP: 8/8
  5535 | D:6      | Found a glowing drain.
  5559 | Sewer    | Entered a sewer
  5722 | Sewer    | Reached *** piety under Trog
  6882 | D:7      | Found Gozag's Platinum Reserve.
  6885 | D:7      | Found an opulent altar of Gozag.
  6900 | D:7      | Found Begreax's Armour Shop.
  7162 | D:7      | Found a shimmering altar of Xom.
  7170 | D:7      | Found a shattered altar of Ashenzari.
  7266 | D:7      | Reached skill level 10 in Armour
  7330 | D:7      | Noticed Prince Ribbit
  7335 | D:7      | Killed Prince Ribbit
  7733 | D:8      | Found a blossoming altar of Fedhas.
  7822 | D:8      | Killed Edmund
  7822 | D:8      | Reached skill level 10 in Polearms
  7895 | D:8      | Reached **** piety under Trog
  8061 | D:8      | Found a hide-covered altar of Uskayaw.
  8061 | D:8      | Noticed a hand axe
  8061 | D:8      | Noticed a dagger
  8172 | D:9      | Found a staircase to the Lair.
  8214 | D:9      | Reached XP level 10. HP: 84/84 MP: 9/9
  8482 | D:9      | Noticed a cyclops
  8493 | D:9      | Killed a cyclops
  8493 | D:9      | Reached skill level 5 in Long Blades
  8640 | D:9      | Found a staircase to the Orcish Mines.
  8926 | Orc:1    | Entered Level 1 of the Orcish Mines
  8926 | Orc:1    | Noticed an orc sorcerer
  9087 | Orc:1    | Noticed a rust devil
  9100 | D:9      | Killed an orc sorcerer
  9100 | D:9      | Reached skill level 11 in Armour
  9312 | Orc:1    | Received a gift from Trog
 10232 | Orc:2    | Entered Level 2 of the Orcish Mines
 10252 | Orc:2    | Noticed Donald
 10267 | Orc:2    | Slain by Donald

Vault maps used:
D:1:      co_arrival_square_in_a_square_in_a_square, minmay_misc_feat_tiny,
          serial_bayou_lagoon_a, nrook_mini_backslash
D:2:      uniq_terence, uniq_robin
D:3:      bloody_makhleb, old_standard_altar, first_ration,
          corexii_item_surrounded_by_moat, bloody_trog
D:4:      cheibrodos_pilgrimage, enter_ossuary_3, uniq_blork_the_orc,
          uniq_natasha
D:5:      uniq_sigmund, uniq_duvessa
D:6:      minmay_temple_entry_junction, portal_sewer_entry_f, uniq_edmund
D:7:      old_standard_altar, nicolae_gozag_zags_fifth_avenue, serial_shops,
          shop_statue, grunt_ogre_cave, minmay_door_square, ashenzari_altar_1,
          uniq_prince_ribbit1
D:8:      nicolae_overflow_crystal_walls, dancing_weapons_uskayaw
D:9:      dpeg_oklobed_lair, orc_0_dummy, minmay_misc_feat_columns,
          grunt_decor_mini_mirrors
Orc:1:    nicolae_orc_rockfall
Orc:2:    st_orc_open, serial_shops, nicolae_shop_trees, shop_fountains,
          nicolae_shop_overgrown_old_shop, uniq_donald
Sewer:    sewer_fruit_machine
Ossuary:  ossuary_crypta

Skill      XL: |  1  2  3  4  5  6  7  8  9 10 |
---------------+-------------------------------+-----
Shields        | 4 5 6 7 8 |  8.7
Fighting       | 4 5 6 7 |  7.1
Armour         | 4 5 6 7 9 10 11 | 11.6
Long Blades    | 3 4 6 |  6.3
Dodging        | 1 |  1.4
Polearms       | 2 4 5 7 10 | 10.9
Unarmed Combat | 1 |  1.2
Stealth        | |  0.1

Action                   |  1- 3 |  4- 6 |  7- 9 | 10-12 || total
-------------------------+-------+-------+-------+-------++-------
Melee: Long sword        |    98 |    27 |       |       ||   125
       Headbutt          |    18 |    33 |    87 |    34 ||   172
       Spear             |       |   184 |   441 |    58 ||   683
       Unarmed           |       |     6 |       |       ||     6
       Scimitar          |       |       |    42 |   133 ||   175
Invok: Berserk           |       |       |     4 |     1 ||     5
       Trog's Hand       |       |       |     1 |     3 ||     4
       Brothers in Arms  |       |       |       |     1 ||     1
  Use: Scroll            |     2 |     9 |     7 |     3 ||    21
       Potion            |       |     1 |     6 |     5 ||    12
  Eat: Chunk             |       |     5 |     3 |     3 ||    11
       Ration            |       |     1 |     5 |     2 ||     8
Armor: Scale mail        |     5 |       |       |       ||     5
       Chain mail        |     3 |       |       |       ||     3
       Plate armour      |    44 |   114 |   200 |   146 ||   504
Dodge: Dodged            |    13 |    27 |    79 |    70 ||   189
Block: Shield            |    53 |   100 |   230 |   163 ||   546
       Rpst.: Long sword |     4 |     1 |       |       ||     5
       Scimitar          |       |       |     2 |    10 ||    12

Table legend:
 A = Non-vault XP
 B = Vault XP
 C = Vault XP percentage of total XP
 D = Non-vault monster count
 E = Vault monster count
 F = Vault count percentage of total count
                 A         B        C        D         E       F
            +---------+---------+-------+---------+---------+-------
      Total |    8233 |    1553 |  15.9 |     209 |      63 |  23.2
            +---------+---------+-------+---------+---------+-------
        D:1 |      40 |       0 |   0.0 |      18 |       0 |   0.0
        D:2 |      49 |      65 |  57.0 |      17 |       8 |  32.0
        D:3 |     114 |       0 |   0.0 |      22 |       0 |   0.0
        D:4 |     544 |     307 |  36.1 |      14 |      12 |  46.2
        D:5 |     650 |     423 |  39.4 |      27 |       3 |  10.0
        D:6 |     862 |      13 |   1.5 |      20 |       5 |  20.0
        D:7 |     969 |     389 |  28.6 |      18 |       2 |  10.0
        D:8 |     715 |     169 |  19.1 |      17 |       1 |   5.6
        D:9 |    3030 |       0 |   0.0 |      28 |       0 |   0.0
      Orc:1 |    1260 |       0 |   0.0 |      28 |       0 |   0.0
      Sewer |       0 |      77 | 100.0 |       0 |      22 | 100.0
    Ossuary |       0 |     110 | 100.0 |       0 |      10 | 100.0
            +---------+---------+-------+---------+---------+-------
